 Dungeon Crawl Stone Soup version 0.30-a0-137-gd8773701ce (webtiles) character file.

Game seed: 2758624699665789954

19 greasedhog the Sneak (level 2, 0/15 HPs)
             Began as a Gargoyle Enchanter on Sept 23, 2022.
             Slain by a jackal (2 damage)
             ... on level 1 of the Dungeon.
             The game lasted 00:01:31 (545 turns).

greasedhog the Sneak (Gargoyle Enchanter)            Turns: 545, Time: 00:01:31

Health: 0/15       AC:  4    Str: 11    XL:     2   Next: 75%
Magic:  5/5        EV: 11    Int: 15    God:
Gold:   26         SH:  0    Dex: 10    Spells: 5/5 levels left

rFire   . . .      SeeInvis .    a - +1 dagger
rCold   . . .      Faith    .    (no shield)
rNeg    + . .      Spirit   .    b - +0 robe
rPois   ∞          Reflect  .    (no helmet)
rElec   +          Harm     .    (no cloak)
rCorr   .          Rampage  .    (no gloves)
Will    .....                    (no boots)
Stlth   ++........               (no amulet)
HPRegen 0.05/turn                (no ring)
MPRegen 0.09/turn                (no ring)

@: invisible
A: sickness immunity, AC +2, negative energy resistance 1, electricity
resistance, torment resistance 1, petrification resistance, mutation resistance
1
a: no special abilities


You were on level 1 of the Dungeon.
You visited 1 branch of the dungeon, and saw 1 of its levels.

You collected 26 gold pieces.

Inventory:

Hand Weapons
 a - a +1 dagger (weapon)
Armour
 b - a +0 robe (worn)
Scrolls
 d - a scroll of identify
 e - 2 scrolls of silence {unknown}
Potions
 c - a potion of invisibility


   Skills:
 * Level 1.7 Short Blades
 - Level 1.5 Dodging
 * Level 4.0 Stealth
 - Level 2.0 Spellcasting
 - Level 2.6 Hexes


You had 5 spell levels left.
You didn't know any spells.
Your spell library contained the following spells:

 Spells                   Type           Power      Damage    Failure   Level
 Ensorcelled Hibernation  Hex/Ice        10%        N/A       19%         2
 Confusing Touch          Hex            9%         N/A       22%         3
 Tukima's Dance           Hex            9%         N/A       22%         3
 Dazzling Flash           Conj/Hex       10%        N/A       36%         3


Dungeon Overview and Level Annotations

Branches:
Dungeon (1/15)

Altars:


Innate Abilities, Weirdness & Mutations

You are immune to sickness and miasma.
Your stone body is resilient. (AC +2)
You are immune to poison.
You resist negative energy. (rN+)
You are resistant to electric shocks. (rElec)
You are resistant to unholy torment.
You are immune to petrification.
You are somewhat resistant to further mutation.


Message History

It was a potion of mutation.
You feel extremely strange.
You feel genetically stable. The jackal closely misses you.
You fade into invisibility!
The jackal bites you but does no damage.
The jackal misses you.
You hit the jackal but do no damage. The jackal barely misses you.
You barely miss the jackal. The jackal closely misses you.
Found 8 stones.
The jackal closely misses you.
You barely miss the jackal. The jackal closely misses you.
You hit the jackal.
The jackal is lightly wounded.
The jackal bites you but does no damage.
You barely miss the jackal.
The jackal is lightly wounded.
You barely miss the goblin. The goblin hits you with a +0 dagger.
* * * LOW HITPOINT WARNING * * *
You hit the goblin.
The goblin is heavily wounded.
The goblin misses you.
You hit the goblin.
You kill the goblin!
You catch the helpless frilled lizard completely off-guard!
You puncture the frilled lizard!
You kill the frilled lizard!
The jackal barks!
You hit the quokka.
The quokka is heavily wounded.
Found a hand axe and a scroll labelled HORUAWN ANAAXT.
The quokka bites you but does no damage.
The quokka completely misses you.
The jackal barks!
You hit the quokka.
You kill the quokka!
Your Stealth skill increases to level 4!
You hit the jackal.
The jackal is heavily wounded.
The jackal bites you but does no damage.
The jackal bites you.
You die...

....~.≈~≈..~.....#...#.......
.........#.......#...#.......
#####.....###.)..#...........
..........# #....####........
..........+ #....####........
..........#.#.....##.........
..................)†.........
.................(##.........
..............†.@.#..........
.................h....)......
#######.........##.#.........
#### .......##)..#....#....
...# ..(... .###........ ...#
...... . ##.... ...##+#
###..? .. ...##.### #.
...#♣.~P#


You could see a jackal (unable to see you).

Vanquished Creatures
  A dart slug (D:1)
  4 bats (D:1)
  3 goblins (D:1)
  A hobgoblin (D:1)
  2 jackals (D:1)
  2 kobolds (D:1)
  A quokka (D:1)
  A frilled lizard (D:1)
15 creatures vanquished.

Notes
Turn   | Place    | Note
-------+----------+-------------------------------------------
     0 | D:1      | greasedhog the Gargoyle Enchanter began the quest for the
                  | Orb.
     0 | D:1      | Reached XP level 1. HP: 10/10 MP: 3/3
    22 | D:1      | Reached skill level 1 in Short Blades
    45 | D:1      | Reached XP level 2. HP: 4/15 MP: 5/5
   521 | D:1      | Gained mutation: You are somewhat resistant to further
                  | mutation. [potion of mutation]
   544 | D:1      | Reached skill level 4 in Stealth
   545 | D:1      | Slain by a jackal

Illustrated notes

Levels and vault maps discovered:
D:1:      tarquinn_simple_flora_water_e, layout_basic, serial_rivers,
          chequers_serial_rivers_marsh, chequers_serial_rivers_small_3,
          chequers_serial_rivers_micro_d, chequers_serial_rivers_large_b,
          dilly_ecumenical_altar_fadedgnrine, nicolae_wormholes

Skill      XL: |  1  2 |
---------------+-------+-----
Short Blades   | 1 |  1.7
Stealth        | 4 |  4.0
Dodging        | |  1.5
Spellcasting   | |  2.0
Hexes          | |  2.6

Action                   || total
-------------------------++-------
Melee: Dagger            ||    66
  Use: Potion            ||     2
       Scroll            ||     1
 Stab: Sleeping          ||     4
       Invisible         ||     1
Armor: Robe              ||    27
Dodge: Dodged            ||    57

Table legend: (Time is in decaauts)
 A = Elapsed time spent in this place.
 B = Non-inter-level travel time spent in this place.
 C = Inter-level travel time spent in this place.
 D = Time resting spent in this place.
 E = Time spent auto-exploring this place.
 F = Levels seen in this place.
 G = Mean time per level.
                   A        B        C        D        E       F      G
               +--------+--------+--------+--------+--------+-----+--------+
         Total |    541 |    541 |      0 |    199 |    197 |   1 |  541.0 |
       Dungeon |    541 |    541 |      0 |    199 |    197 |   1 |  541.0 |
               +--------+--------+--------+--------+--------+-----+--------+

Top non-repeatable levels by time:
     D:1: 541 daAuts
